 Dungeon Crawl Stone Soup version 0.22.1-1-ga44c0e5 (webtiles) character file.

149 dvd the Firebug (level 5, -1/31 HPs)
             Began as an Octopode Fire Elementalist on Nov 2, 2018.
             Killed from afar by Sigmund (9 damage)
             ... with a wand of flame (35)
             ... on level 3 of the Dungeon.
             The game lasted 00:06:40 (3283 turns).

dvd the Firebug (Octopode Fire Elementalist)        Turns: 3283, Time: 00:06:41

Health: -1/31      AC:  1    Str:  7    XL:     5   Next: 31%
Magic:  5/9        EV: 13    Int: 19    God:
Gold:   173        SH:  0    Dex: 12    Spells: 3/10 levels left

rFire    . . .     SeeInvis .   e - +0 short sword
rCold    . . .     Gourm    .   (no shield)
rNeg     . . .     Faith    .   (helmet restricted)
rPois    .         Spirit   .   d - amulet of magic regeneration
rElec    .         Reflect  .   i - ring of resist corrosion
rCorr    +         Harm     .   (no ring)
MR       .....                  (no ring)
Stlth    +++.......             (no ring)
HPRegen  0.10/turn              (no ring)
MPRegen  0.36/turn              (no ring)
                                (no ring)
                                (no ring)

@: very slightly contaminated
A: almost no armour, stealthy swim, amphibious, 8 rings, constrict 8, camouflage
1, gelatinous body 1
a: no special abilities


You were on level 3 of the Dungeon.
You were not hungry.

You visited 1 branch of the dungeon, and saw 3 of its levels.

You collected 173 gold pieces.

Inventory:

Hand Weapons
 e - a +0 short sword (weapon)
Jewellery
 a - an uncursed amulet of rage
 d - an amulet of magic regeneration (around mantle)
 i - a ring of resist corrosion (left tentacle)
Scrolls
 c - a scroll of random uselessness {unknown}
 f - 2 scrolls of teleportation
 h - 5 scrolls of identify
 k - a scroll of noise {unknown}
 l - a scroll of enchant armour
 m - 2 scrolls of remove curse
 o - a scroll of amnesia {unknown}
Potions
 g - a potion of ambrosia {unknown}
 j - 3 potions of curing
Comestibles
 b - 6 rations
 n - 4 chunks of flesh


   Skills:
 + Level 0.1 Fighting
 + Level 0.3 Short Blades
 + Level 2.3 Dodging
 + Level 3.0 Stealth
 + Level 3.1 Spellcasting
 + Level 2.5 Conjurations
 + Level 4.0 Fire Magic


You had 3 spell levels left.
You knew the following spells:

 Your Spells              Type           Power        Failure   Level  Hunger
a - Flame Tongue          Conj/Fire      ###..        3%          1    None
b - Throw Flame           Conj/Fire      ###...       6%          2    ##.....
c - Sticky Flame          Conj/Fire      ###.....     36%         4    ####...

Your spell library contained the following spells:

 Spells                   Type           Power        Failure   Level  Hunger
 Conjure Flame            Conj/Fire      ###.....     12%         3    ###....
 Inner Flame              Hex/Fire       ##......     21%         3    ###....
 Fireball                 Conj/Fire      ###.......   71%         5    ######.


Dungeon Overview and Level Annotations

Branches:
Dungeon (3/15)

Altars:
Fedhas
Gozag

Annotations:
D:3 Sigmund


Innate Abilities, Weirdness & Mutations

You cannot wear most types of armour.
You are very stealthy in the water. (Stealth+)
You are amphibious.
You can wear up to eight rings at the same time.
You can use your tentacles to constrict eight enemies at once.
Your skin changes colour to match your surroundings (Stealth+).
Your rubbery body absorbs attacks. (AC +1, EV +1)


Message History

Aiming: Sticky Flame (quite dangerous; 36% risk of failure)
Press: ? - help, Shift-Dir - straight line You hear some strange, mumbled words.
You are confused.
Unknown command.
You feel better.
You hear some strange, mumbled words.
Something tries to affect you, but you resist.
Unknown command.
A puff of flame appears from out of thin air!
The puff of flame hits you!
Unknown command.
Sigmund appears from thin air!
Reactivating autopickup.
Sigmund casts a spell at you. The magic dart hits you!
* * * LOW HITPOINT WARNING * * *
There is a stone staircase leading up here.
Sigmund zaps a wand.
The puff of flame hits you!
You die...

#.# ##########.#.####.#########
#.###..........#...{......)....
###................######...#...#
........##......@#.####..........
##########..............#...#...#
##.#####.#####.#.........
#########(..# #.# #.##########
#....)....(.# #.# #.#
#.#######...# #@# |.. #.# ##.##
#......#. #.# #.# #.####...# #.#
#.# #.. .. .. #.# #.# ### #.# .#
..# ###


You could see Sigmund.

Vanquished Creatures
  5 adders
  2 oozes (D:3)
  2 worms
  A dart slug (D:3)
  A leopard gecko (D:2)
  4 orcs
  5 giant cockroaches
  15 goblins
  5 hobgoblins
  10 jackals
  5 kobolds
  2 quokkas (D:2)
  6 bats
  3 frilled lizards
  10 rats
76 creatures vanquished.

Notes
Turn   | Place    | Note
-------+----------+-------------------------------------------
     0 | D:1      | dvd the Octopode Fire Elementalist began the quest for the
                  | Orb.
     0 | D:1      | Reached XP level 1. HP: 11/11 MP: 3/3
   145 | D:1      | Reached XP level 2. HP: 17/17 MP: 3/5
   254 | D:1      | Learned a level 2 spell: Throw Flame
   883 | D:1      | Reached XP level 3. HP: 21/21 MP: 6/6
  1044 | D:1      | You fall through a shaft!
  1569 | D:2      | Reached XP level 4. HP: 27/27 MP: 4/7
  2216 | D:2      | Learned a level 4 spell: Sticky Flame
  2587 | D:3      | Found a faded altar of an unknown god.
  2610 | D:3      | Found a blossoming altar of Fedhas.
  2763 | D:3      | Reached XP level 5. HP: 31/31 MP: 6/9
  2849 | D:3      | Reached skill level 4 in Fire Magic
  3228 | D:3      | Found an opulent altar of Gozag.
  3258 | D:3      | Noticed Sigmund
  3283 | D:3      | Killed from afar by Sigmund

Skill      XL: |  1  2  3  4  5 |
---------------+----------------+-----
Conjurations   | 2 |  2.5
Fire Magic     | 4 |  4.0
Spellcasting   | 3 |  3.1
Stealth        | 3 |  3.0
Fighting       | |  0.1
Short Blades   | |  0.3
Dodging        | |  2.3

Action                   |  1- 3 |  4- 6 || total
-------------------------+-------+-------++-------
Melee: Short sword       |    35 |     8 ||    43
       Constrict         |     8 |       ||     8
       Tentacles         |     4 |       ||     4
 Cast: Flame Tongue      |    31 |    52 ||    83
       Throw Flame       |     9 |    31 ||    40
       Sticky Flame      |       |     1 ||     1
  Use: Scroll            |     4 |       ||     4
       Potion            |       |     1 ||     1
 Stab: Sleeping          |     1 |       ||     1
  Eat: Chunk             |     3 |     7 ||    10
Armor: Skin              |     4 |       ||     4
Dodge: Dodged            |    41 |    19 ||    60
